 Dungeon Crawl Stone Soup version 0.30-a0-948-g4fa250aae5 (webtiles) character file.

Game seed: 9332731594517231108

65 NinjaNoafa the Conjurer (level 3, -4/26 HPs)
             Began as a Draconian Conjurer on Mar 26, 2023.
             Slain by a sleepcap (18 damage)
             ... on level 3 of the Dungeon.
             The game lasted 00:03:36 (1313 turns).

NinjaNoafa the Conjurer (Draconian Conjurer)        Turns: 1313, Time: 00:03:36

Health: -4/26      AC:  6    Str:  9    XL:     3   Next: 92%
Magic:  1/7        EV:  2    Int: 20    God:
Gold:   85         SH:  0    Dex:  9    Spells: 3/7 levels left

rFire   . . .      SeeInvis .    c - +2 dagger (drain)
rCold   . . .      Faith    .    (no shield)
rNeg    . . .      Spirit   .    (body armour unavailable)
rPois   .          Reflect  .    (helmet restricted)
rElec   .          Rampage  .    h - scarf {+Inv}
rCorr   .                        i - +0 pair of gloves
Will    .....                    (no boots)
Stlth   ++                       (no amulet)
HPRegen 0.24/turn                (no ring)
MPRegen 0.10/turn                (no ring)

@: sleeping
A: AC +5, unfitting armour, cold-blooded
a: Evoke Invisibility


You were on level 3 of the Dungeon.
You visited 1 branch of the dungeon, and saw 3 of its levels.

You collected 85 gold pieces.

Inventory:

Hand Weapons
 c - a +2 dagger of draining (weapon)
Missiles
 d - 3 javelins
Armour
 h - a scarf of invisibility (worn)
 i - a +0 pair of gloves (worn)
Magical Staves
 e - a staff of earth
Scrolls
 b - a scroll of torment {unknown}
 g - 2 scrolls of magic mapping {unknown}
 j - a scroll of fear {unknown}
 k - a scroll of blinking {unknown}
 n - a scroll of brand weapon {unknown}
Potions
 a - 2 potions of magic
 f - a potion of might {unknown}
 l - a potion of haste {unknown}
 m - a potion of mutation {unknown}


   Skills:
 - Level 1.7 Dodging
 - Level 1.7 Stealth
 + Level 2.9 Spellcasting
 - Level 5.0 Conjurations
 + Level 0.3 Fire Magic


You had 3 spell levels left.
You knew the following spells:

 Your Spells              Type           Power      Damage    Failure   Level
a - Magic Dart            Conj           88%        1d7       1%          1
b - Searing Ray           Conj           44%        2d6       2%          2
c - Foxfire               Conj/Fire      52%        2x1d6     4%          1

Your spell library contained the following spells:

 Spells                   Type           Power      Damage    Failure   Level
 Dazzling Flash           Conj/Hex       24%        N/A       16%         3
 Frozen Ramparts          Ice            4%         1d1       41%         3
 Fulminant Prism          Conj/Hex       6%         3d7       45%         4
 Iskenderun's Mystic Bla  Conj/Tloc      12%        2d5       45%         4
 Fireball                 Conj/Fire      6%         3d5       80%         5
 Ice Form                 Ice/Tmut       2%         N/A       82%         4
 Summon Ice Beast         Ice/Summ       2%         N/A       82%         4
 Starburst                Conj/Fire      6%         6d4       100%        6


Dungeon Overview and Level Annotations

Branches:
Dungeon (3/15)

Altars:


Innate Abilities, Weirdness & Mutations

Your plain brown scales are hard. (AC +5)
You cannot fit into any form of body armour.
You are cold-blooded and may be slowed by cold attacks.


Message History

Found a scroll labelled DELIHA QIWAOD and a mace.
Casting: Foxfire (safe; 4% risk of failure)
Confirm with . or Enter, or press ? or * to list all spells.
You conjure some foxfire!
The sleepcap releases spores at you.
The gnoll hits you from afar with a +0 spear.
The sleepcap attacks as you move away! The sleepcap releases spores at you.
The foxfire hits the sleepcap but does no damage.
The foxfire hits the sleepcap.
The sleepcap is lightly damaged.
Casting: Foxfire (safe; 4% risk of failure)
Confirm with . or Enter, or press ? or * to list all spells.
You conjure some foxfire!
The sleepcap releases spores at you but does no damage.
The gnoll misses you.
The foxfire hits the sleepcap but does no damage.
The sleepcap is lightly damaged.
The foxfire hits the sleepcap.
The sleepcap is moderately damaged.
The sleepcap completely misses you.
Casting: Foxfire (safe; 4% risk of failure)
Confirm with . or Enter, or press ? or * to list all spells.
You conjure some foxfire!
The gnoll hits you but does no damage.
The sleepcap releases spores at you but does no damage.
Your foxfire dissipates!
The foxfire hits the sleepcap.
The sleepcap is moderately damaged.
Casting: Foxfire (safe; 4% risk of failure)
Confirm with . or Enter, or press ? or * to list all spells.
You conjure some foxfire!
The gnoll closely misses you. The sleepcap releases spores at you.
* * * LOW HITPOINT WARNING * * *
You are engulfed in a cloud of soporific spores!
You fall asleep.
The foxfire hits the sleepcap.
The sleepcap is heavily damaged.
The foxfire hits the sleepcap but does no damage.
The sleepcap is heavily damaged.
The sleepcap releases spores at you!!
Ouch! That really hurt!
You die... #...P.
P.P

..######.P♣ ..♣
#....§<..♣ ..P♣
...#####.P♣♣♣...♣♣
# #####.PP.PP....
#.#..............
..?...#gg.PP.....
..#...#f.♣♣♣...♣♣
..)....@.♣ .P♣
..#####.P♣ .♣ .
#...P #......
#...PP...
...♣♣♣..P #.P♣ ..P
#..♣ .P


You could see a sleepcap and 2 gnolls.

Vanquished Creatures
  2 adders (D:2)
  A worm (D:2)
  A dart slug (D:2)
  2 endoplasms (D:1)
  3 giant cockroaches
  4 hobgoblins
  4 jackals (D:2)
  2 kobolds (D:1)
  2 quokkas (D:2)
  2 ball pythons (D:1)
  3 bats (D:1)
  4 frilled lizards
  4 goblins
  5 rats
39 creatures vanquished.

Vanquished Creatures (collateral kills)
  2 foxfires (D:3)
2 creatures vanquished.

Vanquished Creatures (others)
  30 foxfires
30 creatures vanquished.

Grand Total: 71 creatures vanquished

Notes
Turn   | Place    | Note
-------+----------+-------------------------------------------
     0 | D:1      | NinjaNoafa the Draconian Conjurer began the quest for the
                  | Orb.
     0 | D:1      | Reached XP level 1. HP: 14/14 MP: 3/3
   120 | D:1      | Reached XP level 2. HP: 20/20 MP: 1/5
   131 | D:1      | Learned a level 2 spell: Searing Ray
   718 | D:2      | Reached skill level 5 in Conjurations
   767 | D:2      | Reached XP level 3. HP: 26/26 MP: 0/6
   947 | D:2      | Learned a level 1 spell: Foxfire
  1313 | D:3      | Slain by a sleepcap

Illustrated notes

Levels and vault maps discovered:
D:1:      psy_arrival_fountain, layout_basic, minmay_misc_feat_doors,
          st_stairs_9
D:2:      layout_basic
D:3:      layout_loops_cross, mainiacjoe_overflow_paths, elyvilon_altar_5,
          kennysheep_boxes

Skill      XL: |  1  2 |
---------------+-------+-----
Conjurations   | 5 |  5.0
Dodging        | |  1.7
Stealth        | |  1.7
Spellcasting   | |  2.9
Fire Magic     | |  0.3

Action                     || total
---------------------------++-------
  Melee: Dagger            ||     9
   Cast: Magic Dart        ||    41
         Searing Ray       ||     4
         Foxfire           ||    20
 Armour: Skin              ||    10
  Dodge: Dodged            ||    16

Table legend: (Time is in decaauts)
 A = Elapsed time spent in this place.
 B = Non-inter-level travel time spent in this place.
 C = Inter-level travel time spent in this place.
 D = Time resting spent in this place.
 E = Time spent auto-exploring this place.
 F = Levels seen in this place.
 G = Mean time per level.
                   A        B        C        D        E       F      G
               +--------+--------+--------+--------+--------+-----+--------+
         Total |   1310 |   1261 |     49 |     17 |    820 |   3 |  436.7 |
       Dungeon |   1310 |   1261 |     49 |     17 |    820 |   3 |  436.7 |
               +--------+--------+--------+--------+--------+-----+--------+

Top non-repeatable levels by time:
     D:2: 687 daAuts
     D:1: 608 daAuts
     D:3: 14 daAuts
